 Dungeon Crawl Stone Soup version 0.31-a0-833-gc15d34cb79 (webtiles) character file.

Game seed: 14471842248813779690

336649 rjrrt the Executioner (level 20, -5/283 HPs)
             Began as a Minotaur Berserker on Sept 25, 2023.
             Was the Champion of Trog.
             Slain by a ghoul (14 damage)
             ... on level 3 of the Vaults.
             The game lasted 02:18:54 (39738 turns).

rjrrt the Executioner (Minotaur Berserker)         Turns: 39738, Time: 02:18:56

Health: -5/283     AC: 36    Str: 34      XL:     20   Next: 99%
Magic:  19/19      EV: 13    Int:  8 (10) God:    Trog [******]
Gold:   642        SH: 12    Dex: 10      Spells: 19/19 levels left

rFire   + . .        b - +9 war axe "Qotwiuda" {heavy, rN++}
rCold   + + +        E - +3 warlock's mirror {omnireflect}
rNeg    + + +        J - +3 gold dragon scales of Kisikhe {rElec rPois rF+ rC+ Will+}
rPois   +            (helmet restricted)
rElec   +            j - +2 cloak {rCorr}
rCorr   +            z - +2 pair of gloves
SInv    +            Y - +2 pair of boots
Will    +++++        y - amulet "Buihaol" {rC+ Regen+ Int+3} Stlth
                     I - ring of Xuku Rau {rN+ rCorr Str+3 Slay+2 SInv}
HPRegen 1.47/turn    r - ring "Qusiptei" {rC+ Will+++ Int+3 SInv}
MPRegen 0.16/turn

%: reflection
@: berserking, very quick
A: horns 2, retaliatory headbutt
}: 2/15 runes: decaying, gossamer
a: Renounce Religion, Berserk, Trog's Hand, Brothers in Arms


You were on level 3 of the Vaults.
You worshipped Trog.
Trog was exalted by your worship.
You visited 8 branches of the dungeon, and saw 38 of its levels.
You visited the Abyss 2 times.
You visited 1 bazaar.
You also visited: Bailey, Gauntlet and Wizlab.

You collected 6413 gold pieces.
You spent 5771 gold pieces at shops.

Inventory:

Hand Weapons
 a - a +1 vampiric war axe
 b - the +9 war axe "Qotwiuda" (weapon) {heavy, rN++}
   (Trog gifted it to you on level 14 of the Dungeon)

   rN++:      It greatly protects you from negative energy.
 G - a +2 broad axe of freezing
 L - the +5 Lochaber axe {reach-cleave, Poleaxe Drain}
   (You took it off a deep elf elementalist on level 3 of the Elven Halls)

   Poleaxe:   It uses either Axes or Polearms skill, whichever is higher.
   Drain:     It drains your maximum health when unequipped.
Missiles
 k - 5 throwing nets
 A - 6 silver javelins
 O - 29 boomerangs (quivered)
Armour
 j - a +2 cloak of preservation (worn)
 z - a +2 pair of gloves (worn)
 E - the +3 warlock's mirror (worn) {omnireflect}
   (You took it off a deep elf high priest on level 3 of the Elven Halls)

   Omnireflect: It can block and reflect piercing ranged attacks and magical
   attacks against the wielder's willpower.
 J - the +3 gold dragon scales of Kisikhe (worn) {rElec rPois rF+ rC+ Will+}
   (You bought it in a shop on level 1 of the Elven Halls)

   rF+:       It protects you from fire.
   rC+:       It protects you from cold.
   rElec:     It insulates you from electricity.
   rPois:     It protects you from poison Will+: It increases your willpower.
 S - the +3 tower shield "Pur Renar" {Fly Dex+2}
   (You acquired it on level 4 of the Lair of Beasts)

   Dex+2:     It affects your dexterity (+2).
   Fly:       It grants you flight.
 Y - a +2 pair of boots (worn)
Jewellery
 c - an amulet of reflection
 h - the ring of Shadows {Umbra +Inv Stlth+}
   (You took it off a deep elf elementalist on level 3 of the Elven Halls)

   [ring of stealth]

   Umbra:     It surrounds you with an aura of shadow, increasing your stealth
   and reducing the accuracy of all others within it.
   +Inv:      It lets you turn invisible.
   Stlth+:    It makes you more stealthy.
 m - the amulet "Ydippuar" {Faith rC- Int+8 Dex-3 Slay+3}
   (You took it off a deep elf demonologist on level 3 of the Elven Halls)

   [amulet of faith]

   Faith:     It allows you to gain divine favour quickly.
   Int+8:     It affects your intelligence (+8).
   Dex-3:     It affects your dexterity (-3).
   Slay+3:    It affects your accuracy & damage with ranged weapons and melee
   (+3).
   rC-:       It makes you vulnerable to cold.
 r - the ring "Qusiptei" (right hand) {rC+ Will+++ Int+3 SInv}
   (You took it off a centaur warrior on level 14 of the Dungeon)

   [ring of protection from cold]

   Int+3:     It affects your intelligence (+3).
   rC+:       It protects you from cold.
   Will+++:   It greatly increases your willpower.
   SInv:      It lets you see invisible.
 s - the ring of Omyo {rF+ Int+3 Dex+6}
   (You bought it in a shop on level 4 of the Vaults)

   [ring of dexterity]

   Int+3:     It affects your intelligence (+3).
   Dex+6:     It affects your dexterity (+6).
   rF+:       It protects you from fire.
 y - the amulet "Buihaol" (around neck) {rC+ Regen+ Int+3}
   (You acquired it on level 5 of the Dungeon)

   [amulet of regeneration]

   Int+3:     It affects your intelligence (+3).
   rC+:       It protects you from cold.
   Regen+:    It increases your rate of health regeneration.
 I - the ring of Xuku Rau (left hand) {rN+ rCorr Str+3 Slay+2 SInv}
   (You bought it in a shop on level 1 of the Elven Halls)

   [ring of resist corrosion]

   Str+3:     It affects your strength (+3).
   Slay+2:    It affects your accuracy & damage with ranged weapons and melee
   (+2).
   rN+:       It protects you from negative energy.
   SInv:      It lets you see invisible.
   rCorr:     It protects you from acid and corrosion.
Wands
 v - a wand of flame (79)
 x - a wand of charming (37)
 P - a wand of roots (42)
 Q - a wand of polymorph (27)
 R - a wand of digging (17)
 U - a wand of acid (8)
Scrolls
 f - a scroll of torment
 n - a scroll of blinking
 p - 17 scrolls of teleportation
 q - 5 scrolls of summoning
 B - 27 scrolls of identify
 C - 5 scrolls of enchant weapon
 H - 4 scrolls of revelation
 K - 4 scrolls of enchant armour
 N - 6 scrolls of silence
 T - 5 scrolls of fog
 V - 7 scrolls of fear
Potions
 d - 10 potions of might
 e - 16 potions of mutation
 g - 9 potions of ambrosia
 i - 17 potions of curing
 l - 5 potions of invisibility
 o - 5 potions of enlightenment
 t - 9 potions of haste
 u - a potion of attraction
 w - 2 potions of resistance
 D - 3 potions of heal wounds
 F - 4 potions of lignification
 W - 3 potions of berserk rage
 X - a potion of cancellation


   Skills:
 - Level 18.8 Fighting
 + Level 23.5 Axes
 - Level 4.0 Throwing
 - Level 18.6 Armour
 - Level 19.3 Dodging
 - Level 20.6 Shields
 - Level 10.0 Evocations


You had 19 spell levels left.
You didn't know any spells.
Your spell library was empty.

Dungeon Overview and Level Annotations

Branches:
Dungeon (15/15)            Temple (0/1) D:7            Lair (5/5) D:8
  Swamp (4/4) Lair:3       Spider (4/4) Lair:2        Slime (0/5) Lair:4
    Orc (2/2) D:9             Elf (3/3) Orc:2        Vaults (4/5) D:13
  Crypt (1/3) Vaults:3     Depths (0/4) D:15         Bailey (visited)
 WizLab (visited)         Gauntlet (visited)

Altars:
Ashenzari
Elyvilon
Hepliaklqana
Kikubaaqudgha
Nemelex Xobeh
Ru
Vehumet
Xom
Zin
Jiyva

Shops:
D:4 :   D:5 *[[   D:9 *   D:11 *   Orc:2 :*[(*   Elf:1 [[?*(=   Elf:2 ::
Vaults:3 (   Vaults:4 *=(*(

Portals:
Abyss: D:6

Annotations:
D:6 2 transporters, Dittersdorf's ghost, novice GrFi
D:14 exclusion: obsidian statue
Lair:1 exclusion: oklob plant
Elf:1 Roxanne
Elf:2 6 runed translucent doors
Vaults:3 3 runed translucent doors, Joextigh's ghost, veteran KoHu; Namoxzo's ghost, adept VSBr; Woitib's ghost, adept GrFE; Ziugimmo's ghost, veteran AtMo
Vaults:4 Jory


Innate Abilities, Weirdness & Mutations

You have a pair of horns on your head.
You reflexively headbutt those who attack you in melee.


Message History

The skeletal warrior hits you but does no damage.
The skeletal warrior hits you from afar with a +3 halberd.
* * * LOW HITPOINT WARNING * * *
The necrophage completely misses you.
You climb upwards.
Welcome back to the Vaults!
Level annotation: 3 runed translucent doors, Joextigh's ghost, veteran KoHu; Namoxzo's ghost, adept VSBr; Woitib's ghost, adept GrFE; Ziugimmo's ghost, veteran AtMo
There is a staircase to the Crypt here.
A red film seems to cover your vision as you go berserk!
You feel yourself moving faster!
You feel mighty!
The skeletal warrior hits you but does no damage.
You block the ghoul's attack. x2; The ghoul claws you but does no damage.
The ghoul closely misses you.
The necrophage hits you but does no damage.
The skeletal warrior hits you with a +0 war axe!
* * * LOW HITPOINT WARNING * * *
You hit the skeletal warrior but do no damage.
You headbutt the skeletal warrior, but do no damage.
The skeletal warrior is lightly damaged.
You slash the ghoul! You slice the ghoul!! You barely miss the necrophage.
You slice the skeletal warrior!! The skeletal warrior misses you.
You furiously retaliate!
You headbutt the skeletal warrior!
You block the ghoul's attack. x2; The ghoul claws you but does no damage.
The ghoul closely misses you.
The necrophage hits you but does no damage.
The skeletal warrior closely misses you.
You furiously retaliate!
You headbutt the skeletal warrior!! You slice the skeletal warrior!!
You destroy the skeletal warrior!
Trog accepts your kill.
You slash the necrophage!
You destroy the necrophage!
Trog accepts your kill.
You barely miss the skeletal warrior. You carve the ghoul like a ham!!!
You destroy the ghoul!
Trog accepts your kill.
You hit the ghoul.
The skeletal warrior hits you with a +0 battleaxe!
* * * LOW HITPOINT WARNING * * *
You block the ghoul's attack. The ghoul claws you!
You die...

..#
#.......##.~≈.~~.#....##
..#
#.......##.))[~~.##.###.
..#
#.......##.......##...#.
..#
###'######'##########.#.
###########...........#
#(...##
...#......#...##'##...#
#..#..#
...'......#.###...###.#
#..##..
...#......#.#..)....#.#
#..####
...#......#.#..n@...#.#
###'#####
...+...>..'.#...z...#.#
#........
...#......#.###...###.#
#........
####......#...#####...#
#........
#......#...........#
#........
#####'####'#########
#........ #........#
#........ #........#
######### #........#


You could see a ghoul and a skeletal warrior.

Vanquished Creatures
  Bai Suzhen (Vaults:4)
  Saint Roka (Elf:3)
  A bone dragon (Swamp:4)
  Asterion (Vaults:2)
  2 sphinxes
  2 deep elf blademasters (Elf:3)
  3 deep elf master archers (Elf:3)
  2 tentacled starspawn (Abyss:2)
  Frances (Elf:1)
  Donald (Vaults:3)
  Agnes (Spider:2)
  A tengu reaver (D:13)
  3 deep elf sorcerers
  2 emperor scorpions
  2 ghouls
  6 deep elf elementalists (Elf:3)
  8 vault wardens
  7 ghost moths
  A war gargoyle (Vaults:4)
  An orc warlord (Orc:2)
  A very ugly thing (D:15)
  11 ironbound preservers
  A broodmother (Spider:2)
  A formless jellyfish (Vaults:1)
  A vampire knight (Vaults:3)
  7 ironbound thunderhulks
  3 eleionomae (Swamp:3)
  3 deep elf demonologists (Elf:3)
  A minotaur (Gauntlet)
  5 bunyips
  8 deep elf annihilators
  13 dire elephants
  An eidolon (Vaults:3)
  Snorg (D:10)
  5 deep elf death magi
  2 entropy weavers
  A shambling mangrove (Swamp:1)
  2 crystal guardians (Vaults:3)
  6 great orbs of eyes
  3 deep elf high priests (Elf:3)
  5 vault guards
  6 yaktaur captains
  A hell beast (Gauntlet)
  A rakshasa (D:15)
  Fannar (D:10)
  An ice dragon (shapeshifter) (Elf:1)
  2 peacekeepers
  A jorogumo (Spider:3)
  2 ghost crabs (Swamp:4)
  23 centaur warriors
  8 ironbound frosthearts
  2 catoblepae
  14 boulder beetles
  4 hydras
  A death knight (D:13)
  14 alligators
  2 radroaches
  A two-headed ogre (shapeshifter) (D:15)
  An anaconda (Lair:5)
  A deep troll shaman (Lair:5)
  2 two-headed ogres
  2 tengu warriors
  11 death yaks
  4 orc high priests (Orc:2)
  15 dancing weapons
  8 demonic crawlers
  A thrashing horror (Abyss:2)
  4 large abominations (Abyss:2)
  11 deep elf knights
  3 skysharks (Lair:5)
  Amaemon (Lair:3)
  A fire crab (shapeshifter) (D:13)
  5 hell knights (Vaults:4)
  2 death drakes (Swamp:4)
  6 pharaoh ants
  A wretched star (Abyss:2)
  A sun moth (Spider:4)
  8 skeletal warriors
  3 spriggan druids
  5 goliath frogs
  5 orb spiders
  20 deep trolls
  4 glowing orange brains
  9 deep elf archers
  An anaconda zombie (Crypt:1)
  5 swamp dragons
  17 steelbarb worms
  9 ironbound convokers
  7 bog bodies
  6 lindwurms
  5 orc knights
  8 wizards
  2 necromancers
  27 deep elf pyromancers
  20 deep elf zephyrmancers
  4 alligator zombies (Swamp:4)
  4 spectral hydras (Swamp:4)
  2 phantasmal warriors (Swamp:4)
  15 wolf spiders
  5 orc sorcerers
  A stone giant zombie (Abyss:2)
  19 ugly things
  4 cyclopes
  3 manticores
  6 will-o-the-wisps
  19 elephants
  Maurice (Orc:1)
  8 moths of wrath
  2 black mambas
  12 vault sentinels
  A gargoyle (D:11)
  9 torpor snails
  A smoke demon (Abyss:2)
  An unseen horror (D:12)
  An apocalypse crab (Abyss:2)
  5 cane toads
  2 kobold demonologists
  An orange demon (Lair:3)
  A freezing wraith (Vaults:3)
  A cane toad (shapeshifter) (D:15)
  A hellion (Abyss:2)
  2 rime drakes
  An efreet (D:13)
  A komodo dragon (shapeshifter) (Elf:1)
  3 swamp worm zombies (Swamp:4)
  21 yaktaurs
  4 komodo dragons
  An ice devil (Abyss:2)
  8 trolls
  2 tengu conjurers
  3 hydra zombies (Swamp:4)
  A bloated husk (Swamp:2)
  6 hornets
  2 guardian mummies (WizLab)
  6 meliai
  An ancient zyme (Abyss:2)
  22 tarantellas
  A hellwing (Abyss:2)
  4 polar bears
  Prince Ribbit (Bailey)
  A queen bee (Spider:3)
  A blink frog (shapeshifter) (Elf:2)
  A tarantella (shapeshifter) (D:13)
  8 raiju (Abyss:2)
  3 spectral swamp dragons (Swamp:4)
  5 tyrant leeches
  21 blink frogs
  A centaur simulacrum (D:13)
  37 slime creatures
  27 jumping spiders
  9 spriggans
  13 culicivoras
  2 shadows (D:11)
  A culicivora (shapeshifter) (D:12)
  5 air elementals
  A yak (shapeshifter) (D:14)
  2 water elementals
  4 wyverns
  3 humans (Bailey)
  5 basilisks
  6 wraiths
  51 yaks
  5 fire elementals
  13 vampire mosquitoes
  A golden eye (shapeshifter) (Elf:3)
  5 starcursed masses (Abyss:2)
  A redback (shapeshifter) (D:13)
  48 redbacks
  2 small abominations (Abyss:2)
  16 swamp worms
  10 wargs
  2 acid dragons
  11 water moccasins
  A hell hound (Gauntlet)
  A sky beast (D:8)
  4 swamp drakes
  A black bear (shapeshifter) (Elf:3)
  An ice beast (D:6)
  36 orc warriors
  3 swamp dragon zombies (Swamp:4)
  3 black bears
  16 centaurs
  6 ogres
  5 wolves (Lair:5)
  5 phantoms (Swamp:4)
  A kobold brigand (D:9)
  3 gnoll sergeants
  18 bullfrogs
  A necrophage (Vaults:3)
  5 earth elementals
  2 scorpions
  A hornet simulacrum (D:15)
  5 wights (D:7)
  43 killer bees
  7 howler monkeys
  5 electric eels
  15 jellies
  4 gnoll boudas
  6 hounds
  23 orc priests
  4 iguanas
  2 sleepcaps (D:6)
  30 orc wizards
  29 gnolls
  A swamp drake zombie (Swamp:4)
  6 adders
  A shadow imp (D:5)
  2 white imps
  An ufetubus (D:4)
  An adder zombie (Crypt:1)
  A worm (D:2)
  107 orcs
  5 ball pythons
  6 bats
  7 endoplasms
  5 giant cockroaches
  8 goblins
  8 hobgoblins
  9 jackals
  12 kobolds
  5 quokkas
  4 frilled lizards
  7 rats
  A spectral weapon (Vaults:2)
  3 starspawn tentacles (Abyss:2)
1479 creatures vanquished.

Vanquished Creatures (collateral kills)
  Mennas (Vaults:4)
  Margery (Vaults:4)
  A tengu reaver (Vaults:4)
  Aizul (Spider:4)
  An ironbound thunderhulk (Vaults:4)
  A deep elf demonologist (Elf:3)
  A yaktaur captain (Vaults:4)
  An orb spider (Spider:1)
  A pharaoh ant (Spider:2)
  A deep troll (Vaults:4)
  A wolf spider (Spider:2)
  A yaktaur (Vaults:4)
  A blink frog (Lair:2)
  A culicivora (Spider:2)
  A wyvern (Lair:2)
15 creatures vanquished.

Vanquished Creatures (others)
  A deep elf elementalist (Elf:3)
  An ironbound preserver (Vaults:4)
  A deep elf pyromancer (Elf:1)
  A will-o-the-wisp (Swamp:4)
  A hydra zombie (Swamp:4)
  5 bloated husks
  A phantom (Swamp:4)
  An orc (Vaults:4)
  20 foxfires
  3 starspawn tentacles (Abyss:2)
35 creatures vanquished.

Grand Total: 1529 creatures vanquished

Notes
Turn   | Place    | Note
-------+----------+-------------------------------------------
     0 | D:1      | rjrrt the Minotaur Berserker began the quest for the Orb.
     0 | D:1      | Reached XP level 1. HP: 19/19 MP: 0/0
    79 | D:1      | Reached skill level 4 in Axes
   298 | D:1      | Reached XP level 2. HP: 26/26 MP: 1/1
   500 | D:1      | Reached skill level 1 in Shields
   722 | D:1      | Reached XP level 3. HP: 30/31 MP: 2/2
   784 | D:1      | Found a faded altar of an unknown god.
  1294 | D:2      | Reached ** piety under Trog
  1353 | D:2      | Reached skill level 5 in Axes
  1535 | D:2      | Identified the +5 scale mail of the Centaur {rC+}
  1742 | D:3      | Reached XP level 4. HP: 39/39 MP: 3/3
  2129 | D:3      | Reached skill level 6 in Axes
  2135 | D:3      | Reached XP level 5. HP: 45/45 MP: 4/4
  2300 | D:3      | Found a shimmering altar of Xom.
  2300 | D:3      | Found a sparkling altar of Nemelex Xobeh.
  2802 | D:4      | Reached skill level 7 in Axes
  2802 | D:4      | Reached XP level 6. HP: 30/51 MP: 5/5
  2961 | D:4      | Noticed a walking crystal tome
  3002 | D:4      | Reached *** piety under Trog
  3004 | D:4      | Found Dassou's Book Shoppe.
  3004 | D:4      | Noticed a walking crystal tome
  3191 | D:4      | Found a sacrificial altar of Ru.
  3235 | D:5      | Entered Level 5 of the Dungeon
  3236 | D:5      | Found Aran's Assorted Antiques.
  3246 | D:5      | Bought a scroll labelled CIPNAX CAOSCHY for 22 gold pieces
  3246 | D:5      | Bought a scroll labelled BESU MIEROKUX for 22 gold pieces
  3246 | D:5      | Bought 2 scrolls labelled FYPSECWOOZA for 44 gold pieces
  3355 | D:5      | Found an ancient bone altar of Kikubaaqudgha.
  3454 | D:5      | Reached skill level 8 in Axes
  3454 | D:5      | Reached XP level 7. HP: 55/57 MP: 6/6
  3831 | D:5      | Reached skill level 5 in Shields
  4058 | D:5      | Reached skill level 9 in Axes
  4162 | D:5      | Found a broken altar of Ashenzari.
  4244 | D:5      | Found Wapyklab's Antique Armour Shoppe.
  4300 | D:5      | Found Lexotog's Armour Emporium.
  4373 | D:5      | Acquired 1127 gold pieces
  4375 | D:5      | Acquired the amulet "Buihaol" {rC+ Regen+ Int+3}
  4382 | D:5      | Acquired 1048 gold pieces
  4532 | D:6      | Reached **** piety under Trog
  4533 | D:6      | Reached XP level 8. HP: 53/64 MP: 7/7
  4540 | D:6      | Reached skill level 10 in Axes
  4618 | D:6      | Noticed Dittersdorf's ghost (novice GrFi)
  4691 | D:6      | Found a one-way gate to the infinite horrors of the Abyss.
  4729 | D:6      | Reached skill level 11 in Axes
  4729 | D:6      | Found a transporter.
  4731 | D:6      | Noticed a white ugly thing
  4738 | D:6      | Found a transporter.
  4938 | D:7      | Found a staircase to the Ecumenical Temple.
  5061 | D:7      | Found a flagged portal.
  5114 | D:7      | Reached skill level 12 in Axes
  5114 | D:7      | Reached XP level 9. HP: 46/70 MP: 8/8
  5153 | Bailey   | Entered a bailey
  5342 | Bailey   | Reached skill level 13 in Axes
  5389 | Bailey   | Noticed Prince Ribbit
  5398 | Bailey   | Killed Prince Ribbit
  5402 | Bailey   | Noticed a vault guard
  5421 | Bailey   | Killed a vault guard
  5422 | Bailey   | Reached skill level 14 in Axes
  5508 | Bailey   | Noticed a vault guard
  5525 | Bailey   | Killed a vault guard
  5526 | Bailey   | Reached skill level 10 in Shields
  5526 | Bailey   | Reached XP level 10. HP: 77/77 MP: 9/9
  5720 | D:7      | Reached ***** piety under Trog
  5891 | D:7      | Reached skill level 15 in Axes
  6336 | D:8      | Identified the +4 ring mail of Sunlight {rC- rN+ Str+3}
  6344 | D:8      | Found a staircase to the Lair.
  6494 | D:8      | You fall into a shaft and drop 3 floors!
  6528 | D:11     | Reached skill level 1 in Throwing
  6528 | D:11     | Reached skill level 1 in Evocations
  6556 | D:11     | Found Asuqibb's Assorted Antiques.
  6562 | D:11     | Bought a scroll of blinking for 225 gold pieces
  6562 | D:11     | Bought a scroll labelled DOCLAO VOOFAOG for 30 gold pieces
  6568 | D:10     | Entered Level 10 of the Dungeon
  7270 | D:8      | Found a glowing silver altar of Zin.
  7395 | Lair:1   | Entered Level 1 of the Lair of Beasts
  7395 | Lair:1   | Noticed a cane toad
  7410 | Lair:1   | Killed a cane toad
  7484 | Lair:1   | Noticed an elephant
  7484 | Lair:1   | Noticed an elephant
  7484 | Lair:1   | Noticed an elephant
  7485 | Lair:1   | Noticed an elephant
  7506 | Lair:1   | Killed an elephant
  7508 | Lair:1   | Noticed a cane toad
  7513 | Lair:1   | Killed an elephant
  7520 | Lair:1   | Killed a cane toad
  7521 | Lair:1   | Reached skill level 5 in Fighting
  7521 | Lair:1   | Reached XP level 11. HP: 79/86 MP: 10/10
  7678 | Lair:1   | Found a broken altar of Ashenzari.
  7678 | Lair:1   | Noticed an oklob plant
  7961 | Lair:1   | Reached skill level 5 in Armour
  8806 | Lair:2   | Found a hole to the Spider Nest.
  8836 | Lair:2   | Noticed an eight-headed hydra
  8847 | Lair:2   | Killed a three-headed hydra
  8848 | Lair:2   | Reached skill level 5 in Dodging
  9043 | Lair:2   | Noticed a death yak
  9045 | Lair:2   | Noticed a death yak
  9047 | Lair:2   | Noticed a five-headed hydra
  9047 | Lair:2   | Noticed a death yak
  9049 | Lair:2   | Noticed a death yak
  9051 | Lair:2   | Noticed a death yak
  9053 | Lair:2   | Received a gift from Trog
  9054 | Lair:2   | Reached skill level 16 in Axes
  9157 | Lair:2   | Found a gate leading to a gauntlet.
  9166 | Gauntlet | Entered a Gauntlet
  9166 | Gauntlet | Noticed a glowing orange brain
  9166 | Gauntlet | Found a transporter.
  9166 | Gauntlet | Found a transporter.
  9169 | Gauntlet | Noticed a red ugly thing
  9170 | Gauntlet | Noticed a green ugly thing
  9177 | Gauntlet | Found a transporter.
  9185 | Gauntlet | Noticed a fire crab
  9187 | Gauntlet | Found a transporter.
  9203 | Gauntlet | Found a transporter.
  9219 | Gauntlet | Found a transporter.
  9235 | Gauntlet | Found a transporter.
  9246 | Gauntlet | Found a transporter.
  9260 | Gauntlet | Noticed a hell beast
  9261 | Gauntlet | Found a transporter.
  9279 | Gauntlet | Found a transporter.
  9283 | Gauntlet | Found a transporter.
  9297 | Gauntlet | Noticed a glowing orange brain
  9330 | Gauntlet | Killed a glowing orange brain
  9331 | Gauntlet | Killed a red ugly thing
  9332 | Gauntlet | Reached XP level 12. HP: 97/97 MP: 11/11
  9371 | Gauntlet | Identified the ring "Rukoid" {rF+ Str-5 Dex+6}
  9392 | Gauntlet | Killed a hell beast
  9435 | Gauntlet | Identified the amulet "Oneshuot" {Acrobat SInv}
  9487 | Gauntlet | Identified the ring of Ru's Generosity {rCorr Int+4 Dex+2
                  | SInv}
  9487 | Gauntlet | Noticed a minotaur
  9496 | Gauntlet | Killed a minotaur
  9508 | Gauntlet | Identified the +0 pair of gloves "Girph" {-Tele Regen+
                  | Int+5 Dex+4}
  9594 | Lair:2   | Killed a one-headed hydra
  9792 | Lair:2   | Killed a death yak
  9803 | Lair:2   | Noticed a death yak
  9831 | Lair:2   | Killed a death yak
  9841 | Lair:2   | Killed a death yak
  9850 | Lair:2   | Killed a death yak
  9854 | Lair:2   | Killed a death yak
  9863 | Lair:2   | Killed a death yak
 10421 | Lair:3   | Noticed Amaemon
 10849 | Lair:3   | Killed Amaemon
 11154 | Lair:3   | Found a staircase to the Swamp.
 11347 | Lair:4   | Reached XP level 13. HP: 111/111 MP: 12/12
 11440 | Lair:4   | Found a staircase to the Slime Pits.
 11440 | Lair:4   | Found a viscous altar of Jiyva.
 11488 | Lair:4   | Reached skill level 17 in Axes
 11874 | Lair:4   | Acquired the +3 tower shield "Pur Renar" {Fly Dex+2}
 12170 | Lair:5   | Entered Level 5 of the Lair of Beasts
 12226 | Lair:5   | Identified the +5 quarterstaff "Hokahaomm" {venom, Will++}
 12348 | Lair:5   | Reached skill level 10 in Fighting
 12603 | Lair:5   | Reached skill level 10 in Armour
 12961 | Lair:5   | Reached XP level 14. HP: 103/122 MP: 13/13
 13855 | D:9      | Found Tocakh's Fire Supplies.
 13994 | D:9      | Found a staircase to the Orcish Mines.
 14032 | D:9      | Reached ****** piety under Trog
 14218 | D:10     | Reached skill level 18 in Axes
 14283 | D:10     | Noticed Fannar
 14304 | D:10     | Killed Fannar
 14381 | D:10     | Noticed Snorg
 14402 | D:10     | Killed Snorg
 14403 | D:10     | Reached skill level 10 in Dodging
 14530 | D:10     | Found a hazy altar of Hepliaklqana.
 15120 | D:11     | Received a gift from Trog
 15558 | D:11     | Found the +5 scythe "Finisher" {speed, execute}
 16683 | Orc:1    | Entered Level 1 of the Orcish Mines
 16756 | Orc:1    | You are sucked into a shaft and drop 1 floor!
 16756 | Orc:2    | Entered Level 2 of the Orcish Mines
 16759 | Orc:2    | Noticed an orc warlord
 17041 | Orc:2    | Found a staircase to the Elven Halls.
 17068 | Orc:1    | Received a gift from Trog
 17126 | Orc:1    | Paralysed by an orc sorcerer for 5 turns
 17376 | Orc:2    | Found Ixuar's Assorted Antiques.
 17429 | Orc:2    | Bought a sedimented golden potion for 27 gold pieces
 17429 | Orc:2    | Bought a scroll of brand weapon for 294 gold pieces
 17429 | Orc:2    | Bought a scroll of teleportation for 93 gold pieces
 17536 | Orc:1    | Noticed Maurice
 17548 | Orc:1    | Killed Maurice
 17549 | Orc:1    | Reached skill level 15 in Shields
 17859 | Orc:2    | Received a gift from Trog
 17887 | Orc:2    | Killed an orc warlord
 17929 | Orc:2    | Reached skill level 5 in Evocations
 18355 | Orc:2    | Found Uzahashre's Antique Armour Boutique.
 18356 | Orc:2    | Found Puimao's Antique Weapon Shop.
 18358 | Orc:2    | Found Wofussanla's General Store.
 18358 | Orc:2    | Found Ubeofag's Book Boutique.
 18383 | Orc:2    | Bought a pair of embroidered boots for 210 gold pieces
 18383 | Orc:2    | Bought a pair of runed boots for 210 gold pieces
 18796 | D:13     | Reached XP level 15. HP: 109/126 MP: 14/14
 19701 | D:13     | Identified the +6 scale mail of Xelovo Kahu {rPois Str+3
                  | Int-3}
 19701 | D:13     | Identified the +9 orcbow of Bocve {drain, rElec Str+4}
 19768 | D:13     | Found a gate to the Vaults.
 19769 | D:13     | Noticed a tengu reaver
 19793 | D:13     | Killed a tengu reaver
 20247 | D:14     | Found a white marble altar of Elyvilon.
 20320 | D:14     | Identified the +9 war axe "Qotwiuda" {heavy, rN++} (Trog
                  | gifted it to you on level 14 of the Dungeon)
 20320 | D:14     | Received a gift from Trog
 20450 | D:14     | Identified the ring "Qusiptei" {rC+ Will+++ Int+3 SInv}
 20839 | D:15     | Entered Level 15 of the Dungeon
 20954 | D:15     | Reached skill level 19 in Axes
 21894 | D:15     | Found a staircase to the Depths.
 22342 | Spider:1 | Entered Level 1 of the Spider Nest
 22569 | Spider:1 | Reached XP level 16. HP: 141/144 MP: 15/15
 22743 | Spider:1 | Received a gift from Trog
 23342 | Spider:2 | Noticed Agnes
 23541 | Spider:2 | Killed Agnes
 23672 | Spider:2 | Identified the +7 sling of Truncation {drain, rElec rF+
                  | SInv}
 23830 | Spider:2 | Identified the +12 hand axe of Asceticism {heavy, rF-
                  | Dex+5} (Trog gifted it to you on level 2 of the Spider
                  | Nest)
 23830 | Spider:2 | Received a gift from Trog
 24186 | Spider:3 | Reached skill level 20 in Axes
 24985 | Spider:4 | Entered Level 4 of the Spider Nest
 25091 | Spider:4 | Reached XP level 17. HP: 154/154 MP: 0/16
 25127 | Spider:4 | Noticed Aizul
 25138 | Spider:4 | Killed Aizul
 25380 | Spider:4 | Reached skill level 15 in Fighting
 25501 | Spider:4 | Received a gift from Trog
 25908 | Spider:3 | Reached skill level 15 in Armour
 26324 | Spider:4 | Identified the +3 barding "Ytats" {+Inv Will++ Str-5 Int+4}
 26337 | Spider:4 | Identified the +1 hat of Cocytus {Contam rPois rF- Str+5}
 26343 | Spider:4 | Got a gossamer rune of Zot
 26632 | Swamp:1  | Entered Level 1 of the Swamp
 27692 | Swamp:3  | Received a gift from Trog
 27725 | Swamp:4  | Entered Level 4 of the Swamp
 27780 | Swamp:4  | Acquired a manual of Dodging
 27818 | Swamp:4  | Reached skill level 21 in Axes
 27974 | Swamp:3  | Reached XP level 18. HP: 166/166 MP: 17/17
 28327 | Swamp:4  | Reached skill level 15 in Dodging
 28329 | Swamp:4  | Received a gift from Trog
 28443 | Swamp:4  | Noticed a bone dragon
 28464 | Swamp:4  | Killed a bone dragon
 28486 | Swamp:4  | Got a decaying rune of Zot
 28784 | Vaults:1 | Entered Level 1 of the Vaults
 29417 | Vaults:1 | Identified the +2 robe of Sloth {rF+ rC+}
 29598 | Vaults:1 | Received a gift from Trog
 29916 | Vaults:1 | Paralysed by a formless jellyfish for 1 turns
 30875 | Vaults:2 | Received a gift from Trog
 31385 | Vaults:2 | Noticed Asterion
 31397 | Vaults:2 | Killed Asterion
 31406 | Vaults:2 | Acquired 483 gold pieces
 31719 | Vaults:3 | Reached XP level 19. HP: 177/177 MP: 18/18
 31731 | Vaults:3 | Found Puameel's Weapon Shoppe.
 31863 | Vaults:3 | Found a staircase to the Crypt.
 32110 | Vaults:3 | Found a runed translucent gate.
 32110 | Vaults:3 | Found a runed translucent gate.
 32110 | Vaults:3 | Found a runed translucent gate.
 32110 | Vaults:3 | Noticed Woitib's ghost (adept GrFE)
 32110 | Vaults:3 | Noticed Ziugimmo's ghost (veteran AtMo)
 32110 | Vaults:3 | Noticed Namoxzo's ghost (adept VSBr)
 32110 | Vaults:3 | Noticed Joextigh's ghost (veteran KoHu)
 32228 | Vaults:3 | Noticed Donald
 32250 | Vaults:3 | Killed Donald
 32545 | Vaults:3 | You are sucked into a shaft and drop 1 floor!
 32565 | Vaults:4 | Noticed Bai Suzhen
 32581 | Vaults:4 | Received a gift from Trog
 32587 | Vaults:4 | Killed Bai Suzhen
 32606 | Vaults:4 | Reached skill level 22 in Axes
 32640 | Vaults:4 | Found Lesoe's Weapon Emporium.
 32647 | Vaults:4 | Found Plog's General Store.
 32679 | Vaults:4 | Found Wom Qavo's Weapon Boutique.
 32724 | Vaults:4 | Noticed Margery
 32739 | Vaults:4 | Killed Margery
 32801 | Vaults:4 | Found Tiskiox's General Store.
 32823 | Vaults:4 | Noticed Jory
 32834 | Vaults:4 | Found a magical portal.
 32843 | WizLab   | Entered Doroklohe's Tomb
 33014 | WizLab   | Noticed a royal mummy
 33122 | Vaults:4 | Found Mireugos's Jewellery Shoppe.
 33129 | Vaults:4 | Bought the ring of Omyo {rF+ Int+3 Dex+6} for 957 gold
                  | pieces
 33784 | Vaults:4 | Noticed Mennas
 33798 | Vaults:4 | Killed Mennas
 34281 | Vaults:3 | Received a gift from Trog
 34960 | Elf:1    | Entered Level 1 of the Elven Halls
 35050 | Elf:1    | Paralysed by an air elemental for 1 turns
 35148 | Elf:1    | Reached XP level 20. HP: 158/187 MP: 19/19
 35200 | Elf:1    | Noticed Roxanne
 35231 | Elf:1    | Received a gift from Trog
 35408 | Elf:1    | Found Has Dolo's One-of-a-Kind Rings.
 35414 | Elf:1    | Bought the ring of Xuku Rau {rN+ rCorr Str+3 Slay+2 SInv}
                  | for 951 gold pieces
 35676 | Elf:1    | Found a radiant altar of Vehumet.
 35780 | Elf:1    | Noticed Frances
 35804 | Elf:1    | Killed Frances
 35924 | Elf:1    | Found Soiklaa's Weapon Shoppe.
 35926 | Elf:1    | Found Koddahau's Magic Scroll Emporium.
 35927 | Elf:1    | Found Wikh's Assorted Antiques.
 35928 | Elf:1    | Found Elosmyin's Armour Shop.
 35928 | Elf:1    | Found Qoitisose's Armour Shoppe.
 35947 | Elf:1    | Bought a scroll of revelation for 180 gold pieces
 35956 | Elf:1    | Bought the +3 gold dragon scales of Kisikhe {rElec rPois
                  | rF+ rC+ Will+} for 1761 gold pieces
 36000 | Elf:1    | Bought a scroll of teleportation for 33 gold pieces
 36000 | Elf:1    | Bought a scroll of enchant weapon for 82 gold pieces
 36000 | Elf:1    | Bought 3 scrolls of fear for 132 gold pieces
 36000 | Elf:1    | Bought a scroll of fog for 44 gold pieces
 36000 | Elf:1    | Bought a scroll of silence for 104 gold pieces
 36000 | Elf:1    | Bought a scroll of summoning for 104 gold pieces
 36000 | Elf:1    | Bought a scroll of revelation for 82 gold pieces
 36000 | Elf:1    | Bought a scroll of fog for 44 gold pieces
 36257 | Elf:2    | Received a gift from Trog
 36461 | Elf:2    | Found a runed translucent gate.
 36461 | Elf:2    | Found a runed translucent gate.
 36461 | Elf:2    | Found a runed translucent gate.
 36516 | Elf:2    | Found Onommoinge's Book Shop.
 36602 | Elf:2    | Found a runed translucent gate.
 36603 | Elf:2    | Found a runed translucent gate.
 36603 | Elf:2    | Found a runed translucent gate.
 36645 | Elf:2    | Found Makyabb's Book Emporium.
 36864 | Elf:3    | Entered Level 3 of the Elven Halls
 36928 | Elf:3    | Found a flickering gateway to a bazaar.
 36955 | Bazaar   | Entered a bazaar
 36969 | Bazaar   | Found Maul Wec's Jewellery Shoppe.
 36994 | Bazaar   | Found Malir's Antique Weapon Emporium.
 37019 | Bazaar   | Found Rontaoll's Magic Scroll Shoppe.
 37019 | Bazaar   | Found Gyraoruh's Armour Emporium.
 37031 | Bazaar   | Bought a scroll of enchant weapon for 120 gold pieces
 37071 | Elf:3    | Noticed Saint Roka
 37115 | Elf:3    | Killed Saint Roka
 37116 | Elf:3    | Reached skill level 10 in Evocations
 37237 | Elf:3    | Paralysed by an air elemental for 1 turns
 37621 | Elf:3    | Received a gift from Trog
 38125 | Elf:3    | Identified the amulet "Ydippuar" {Faith rC- Int+8 Dex-3
                  | Slay+3}
 38125 | Elf:3    | Identified the +8 great sword of the Equinox {heavy, rN+
                  | Dex+4}
 38139 | Elf:3    | Identified the +9 whip of Lukkoqoe {drain, rPois Str+2
                  | Stlth+}
 38146 | Abyss:2  | Found a corrupted altar of Lugonu.
 38146 | Abyss:2  | Cast into level 2 of the Abyss (deep elf demonologist)
 38147 | Abyss:2  | Found a corrupted altar of Lugonu.
 38157 | Elf:3    | Escaped the Abyss
 38656 | Elf:3    | Identified the staff "Akkifrat" {rPois rF+ Poison}
 38660 | Abyss:2  | Cast into level 2 of the Abyss (deep elf demonologist)
 38793 | Abyss:2  | Found a corrupted altar of Lugonu.
 38795 | Abyss:2  | Found a corrupted altar of Lugonu.
 38795 | Abyss:2  | Found a corrupted altar of Lugonu.
 38831 | Abyss:2  | Reached skill level 23 in Axes
 38844 | Abyss:2  | Received a gift from Trog
 39002 | Elf:3    | Escaped the Abyss
 39701 | Crypt:1  | Entered Level 1 of the Crypt
 39730 | Crypt:1  | HP: 8/189 [ghoul (14)]
 39731 | Crypt:1  | HP: 3/189 [ghoul (7)]
 39738 | Vaults:3 | HP: 9/283 [skeletal warrior/+0 battleaxe (12)]
 39738 | Vaults:3 | Slain by a ghoul

Illustrated notes

Levels and vault maps discovered:
D:1:      grunt_arrival_crossed_arrows, layout_loops_corners,
          shapermc_ecumenical_altar_flowoftime
D:2:      layout_basic
D:3:      layout_loops_cross, gammafunk_temple_overflow_statue,
          serial_bayou_pond_c, minmay_quantized
D:4:      layout_rooms, kennysheep_mini, serial_shops, nicolae_shop_mannequins,
          serial_bayou_lagoon_b
D:5:      layout_gridville, cheibrodos_ashenzari_chains,
          lemuel_zombie_altar_kikubaaqudgha, serial_shops, shop,
          nicolae_take_the_stairs, shop_fountains, kennysheep_dice
D:6:      layout_rooms, gammafunk_ghost_abyssal_escape
D:7:      layout_loops_corners, temple_hall, enter_bailey_6
D:8:      layout_rooms, zin_treasury, erik_lair_orcish_takeover
D:9:      layout_long_grid, orc_0_dummy, nicolae_shop_fire_sale
          [nicolae_sub_dead_trees]
D:10:     layout_roguey, nicolae_hepliaklqana_hippocampus, minivault_23,
          uniq_snorg, uniq_fannar
D:11:     layout_basic, serial_shops, nicolae_diamond_shop,
          minmay_guarded_unrand_finisher
D:12:     layout_gridville
D:13:     minmay_the_grid_plus_closed [minmay_the_grid_large_cup,
          minmay_the_grid_square_x, minmay_the_grid_holed_spiral,
          minmay_the_grid_tiny_cups, minmay_the_grid_prize_shrinking_boxes],
          layout_loops_corners, hellmonk_vaults_attempted_burglary
D:14:     layout_loops_cross, elyvilon_altar_1, nicolae_twisting_strands,
          minivault_16
D:15:     gammafunk_enter_depths_forms, layout_stronghold, fountainhead
Lair:1:   layout_cave_pods, lemuel_oklob_altar, grunt_megastairs_1
Lair:2:   layout_long_grid, spider_nest_entry_web_field, gauntlet_entry_generic,
          lemuel_fruit_tree, infiniplex_staircase_pool, grunt_megastairs_3
Lair:3:   layout_regular_city, nicolae_swamp_entry_splash_gauntlet, uniq_amaemon
Lair:4:   layout_loops_ring, minmay_slime_entry_jelly_boxes,
          serial_bayou_shore_b
Lair:5:   grunt_lair_end_beastmaster, layout_cave_shapes
Swamp:1:  layout_falls_marsh, evilmike_swamp_ruin_house_5
Swamp:2:  layout_falls_marsh, hangedman_swamp_cone, swamp_pool3
Swamp:3:  layout_basic_swamp, nicolae_swamp_little_tower
Swamp:4:  swamp_pestilence, layout_basic_swamp
Spider:1: layout_spider_delve, nicolae_spider_not_touching_you
Spider:2: layout_spider_delve, uniq_agnes
Spider:3: layout_spider_delve, special_room [special_room_bee]
Spider:4: hellmonk_spider_rune_bug_friends, nicolae_spider_shape, uniq_aizul
Orc:1:    layout_diamond_mine, basic_altar, uniq_maurice
Orc:2:    st_orc_congregation, layout_caves, serial_shops,
          nicolae_shop_overgrown_old_shop, nooodl_orcs_dogs
Elf:1:    eino_elf_arrival_sip, layout_gridlike, basic_altar,
          minmay_elf_annihilation, nicolae_shop_unique_rings,
          roderic_roman_lattice, nicolae_wooded_promenade, uniq_roxanne,
          uniq_frances
Elf:2:    nicolae_elf_blades_crystal_corner, layout_rooms, serial_shops,
          nicolae_shop_rolling_square, shop, serial_glass, glass_columns_a,
          glass_columns_c, nicolae_gammafunk_elf_defective_weapons_storage
Elf:3:    minmay_elf_hall_statues, layout_geoelf_grid, serial_shops,
          bzr_entry_lakeside, uniq_saint_roka
Vaults:1: nicolae_vaults_surprise_closet, nicolae_vaults_closet_pinwheel_5,
          nicolae_vaults_weapon_check, vaults_room_fours,
          hangedman_vaults_snaps, nicolae_vaults_network_square,
          grunt_vaults_bifocal, nicolae_vaults_offset_grid_hallway_4,
          vaults_room_semicircle, nicolae_vaults_little_squares_2,
          nicolae_vaults_theta, nicolae_vaults_diamond_1,
          ontoclasm_vaults_ligature, layout_vaults_omnibox
Vaults:2: nicolae_vaults_closet_pinwheel_3, nicolae_vaults_storage_room_water,
          nicolae_vaults_network_periphery, nicolae_vaults_wine_cellar,
          hangedman_vaults_restitches, nicolae_vaults_shrinking_rooms_1,
          vaults_room_semicircle, nicolae_vaults_asterisk, grunt_vaults_focal,
          nicolae_vaults_yaktaur_gun_rack, nicolae_vaults_diagonal_hallway_9,
          layout_vaults_omnigrid, uniq_asterion
Vaults:3: gammafunk_ghost_cemetery, v_rooms_2, ontoclasm_vaults_tryst,
          vaults_room_fours, hangedman_vaults_locks, v_alt_pattern_3,
          hangedman_vaults_cutoff, nicolae_vaults_storage_closets_1, st_lattice,
          minmay_crypt_entry_simple_round, nicolae_vaults_little_squares_4,
          nicolae_vaults_trapezoid_3, nicolae_vaults_trapezoid_3,
          layout_vaults_omnicross, serial_shops, shop, uniq_donald
Vaults:4: mu_enter_wizlab_6, nicolae_vaults_puzzle_piece,
          vaults_standard_mumra_enter_the_diamond, nicolae_vaults_trapezoid_1,
          nicolae_vaults_trapezoid_lopsided_3,
          nicolae_vaults_diagonal_hallway_6, nicolae_vaults_alarming,
          ontoclasm_vaults_gateway, nicolae_vaults_double_plus_1,
          layout_vaults_chaotic_city, serial_shops,
          nicolae_shop_bloodbath_and_beyond, shop, shop,
          nicolae_shop_hallway_stairs, nicolae_diamond_shop, uniq_bai_suzhen,
          uniq_jory, uniq_mennas, uniq_margery
Crypt:1:  layout_gridlike, hangedman_weighted_door, hex_intersection, uniq_vv

Skill      XL: |  1  2  3  4  5  6  7  8  9 10 11 12 13 14 15 16 17 18 19 20 |
---------------+-------------------------------------------------------------+-----
Axes           | 4 5 6 7 8 9 12 14 15 16 17 18 19 20 21 22 23 | 23.5
Shields        | 1 2 3 4 6 8 10 11 13 14 15 16 17 18 19 20 | 20.6
Fighting       | 5 6 9 10 12 13 14 16 17 18 | 18.8
Throwing       | 2 4 |  4.0
Armour         | 4 6 8 10 11 13 14 15 16 17 18 | 18.6
Evocations     | 2 4 5 6 7 9 10 | 10.0
Dodging        | 3 5 7 9 10 12 13 14 16 18 19 | 19.3

Action                     |  1- 3 |  4- 6 |  7- 9 | 10-12 | 13-15 | 16-18 | 19-21 || total
---------------------------+-------+-------+-------+-------+-------+-------+-------++-------
  Melee: Hand axe          |   108 |    33 |       |    16 |    10 |       |       ||   167
         Headbutt          |     9 |    20 |    38 |   123 |   441 |   580 |   349 ||  1560
         War axe           |       |    95 |   245 |   565 |  1580 |  1814 |  1401 ||  5700
         Demon whip        |       |       |       |       |     6 |       |       ||     6
         Broad axe         |       |       |       |       |    14 |       |       ||    14
  Throw: Javelin           |       |       |     2 |     2 |       |       |       ||     4
         Boomerang         |       |       |       |       |     3 |       |       ||     3
 Invoke: Berserk           |       |       |     2 |     8 |     6 |     4 |     5 ||    25
         Brothers in Arms  |       |       |       |     2 |       |     3 |     6 ||    11
         Trog's Hand       |       |       |       |       |     1 |       |     3 ||     4
  Evoke: Wand              |       |       |    12 |       |    14 |     3 |       ||    29
    Use: Scroll            |       |       |    20 |     9 |    11 |     8 |     6 ||    54
         Potion            |       |       |       |       |       |     1 |     5 ||     6
   Stab: Distracted        |       |       |       |       |       |     2 |     2 ||     4
         Held in net/web   |       |       |       |       |       |     1 |       ||     1
         Confused          |       |       |       |       |       |     3 |       ||     3
 Armour: Leather armour    |     9 |       |       |       |       |       |       ||     9
         Chain mail        |    65 |    66 |       |       |       |       |       ||   131
         Plate armour      |       |     7 |   128 |   363 |   503 |       |       ||  1001
         Scale mail        |       |       |       |       |   137 |  1166 |   321 ||  1624
         Gold dragon scale |       |       |       |       |       |       |   336 ||   336
  Dodge: Dodged            |    39 |    49 |    42 |   145 |   468 |   857 |   425 ||  2025
  Block: Buckler           |    11 |    13 |       |       |       |       |    54 ||    78
         Kite shield       |       |    29 |   142 |   342 |    74 |       |       ||   587
         Tower shield      |       |       |       |       |  1496 |  2151 |  1154 ||  4801

Table legend: (Time is in decaauts)
 A = Elapsed time spent in this place.
 B = Non-inter-level travel time spent in this place.
 C = Inter-level travel time spent in this place.
 D = Time resting spent in this place.
 E = Time spent auto-exploring this place.
 F = Levels seen in this place.
 G = Mean time per level.
                   A        B        C        D        E       F      G
               +--------+--------+--------+--------+--------+-----+--------+
         Total |  39017 |  36494 |   2523 |   2675 |  15594 |  44 |  886.8 |
       Dungeon |  14276 |  13013 |   1263 |    643 |   7202 |  15 |  951.7 |
          Lair |   5813 |   5463 |    350 |    430 |   2688 |   5 | 1162.6 |
         Swamp |   1892 |   1785 |    107 |    124 |    388 |   4 |  473.0 |
   Spider Nest |   4114 |   3953 |    161 |    650 |   1310 |   4 | 1028.5 |
  Orcish Mines |   1843 |   1722 |    121 |     44 |    515 |   2 |  921.5 |
   Elven Halls |   3859 |   3743 |    116 |    313 |   1168 |   3 | 1286.3 |
        Vaults |   5746 |   5344 |    402 |    263 |   2321 |   4 | 1436.5 |
         Crypt |     31 |     31 |      0 |      0 |      0 |   1 |   31.0 |
         Abyss |    321 |    321 |      0 |     11 |      0 |   2 |  160.5 |
        Bazaar |     97 |     97 |      0 |      0 |      0 |   1 |   97.0 |
        Bailey |    435 |    435 |      0 |     59 |      0 |   1 |  435.0 |
        Wizlab |    184 |    184 |      0 |     27 |      0 |   1 |  184.0 |
      Gauntlet |    399 |    399 |      0 |    108 |      0 |   1 |  399.0 |
               +--------+--------+--------+--------+--------+-----+--------+

Top non-repeatable levels by time:
   Elf:3: 1980 daAuts
    D:13: 1646 daAuts
Vaults:2: 1514 daAuts
Vaults:4: 1491 daAuts
  Lair:1: 1452 daAuts
Vaults:1: 1399 daAuts
Vaults:3: 1341 daAuts
  Lair:5: 1264 daAuts
Spider:3: 1251 daAuts
   Elf:1: 1235 daAuts
   Orc:2: 1209 daAuts
  Lair:2: 1206 daAuts
     D:5: 1192 daAuts
Spider:4: 1129 daAuts
    D:11: 1127 daAuts
